General information
			
			
        
        - name: BNet
 
        - type: Ladder 1vs1/FFA
 
        - host: Battle.net
 
        - saver: hetchjay
 
        
map: TidewaterGlades 
        - players: 2
 
        - length: 18:20
 
        - speed: Fast
 - version: 1.22 W3XP
 - replay type:  Public
 
» download(55 KB)
Players
        team 1 (loser) 
              
              
jesuis_napoleon (
orange | 47 APM | 868 actions | 18:17)
              
 5 Archmage 
 3 Summon Water Elemental
 2 Brilliance Aura
 
                » actions 
                
                | Assign group hotkey | 6 |  | 
| Basic commands | 114 |  | 
| Build / train | 44 |  | 
| Enter build submenu | 22 |  | 
| Enter hero's abilities submenu | 5 |  | 
| Right click | 353 |  | 
| Select / deselect | 276 |  | 
| Select group hotkey | 6 |  | 
| Use ability | 42 |  | 
                868 total
 » units 
                
                | Peasant | 7 |  | 
| Footman | 8 |  | 
| Rifleman | 10 |  | 
| Mortar Team | 5 |  | 
                30 total
 » upgrades
                
                | Gunpowder | 2 |  | 
| Long Rifles | 1 |  | 
| Flare | 1 |  | 
                4 total
 » buildings
                
                | Barracks | 2 |  | 
| Altar of Kings | 1 |  | 
| Farm | 11 |  | 
| Lumber Mill | 1 |  | 
| Blacksmith | 1 |  | 
| Scout Tower | 2 |  | 
| Keep | 1 |  | 
| Workshop | 1 |  | 
| Arcane Vault | 1 |  | 
| Guard Tower | 1 |  | 
                22 total
 » build order
                00:05 Barracks
00:06 Altar of Kings
00:28 Farm
01:20 Lumber Mill
01:35 Farm
02:16 Farm
03:00 Farm
03:03 Barracks
03:12 Blacksmith
03:44 Farm
04:12 Scout Tower
04:39 Farm
05:17 Scout Tower
06:10 Farm
06:49 Keep
06:52 Farm
07:34 Farm
09:50 Workshop
10:33 Farm
12:06 Farm
12:12 Arcane Vault
14:16 Guard Tower
» items
                
                | Scroll of Regeneration | 1 |  | 
| Ivory Tower | 1 |  | 
                2 total
  
               team 2 (winner) 
              
              
hetchjay (
pink | 67 APM | 1233 actions | 18:20)
              
 4 Mountain King 
 2 Storm Bolt
 2 Bash
 1 Archmage 
 1 Blizzard
 
                » actions 
                
                | Assign group hotkey | 13 |  | 
| Basic commands | 55 |  | 
| Build / train | 58 |  | 
| ESC pressed | 9 |  | 
| Enter build submenu | 34 |  | 
| Enter hero's abilities submenu | 5 |  | 
| Right click | 576 |  | 
| Select / deselect | 311 |  | 
| Select group hotkey | 99 |  | 
| Use ability | 73 |  | 
                1233 total
 » units 
                
                | Peasant | 10 |  | 
| Footman | 5 |  | 
| Priest | 2 |  | 
| Dragonhawk Rider | 1 |  | 
| Spell Breaker | 7 |  | 
| Gryphon Rider | 2 |  | 
                27 total
 » upgrades
                
                | Masonry | 2 |  | 
| Lumber Harvesting | 2 |  | 
| Magic Sentry | 1 |  | 
| Defend | 1 |  | 
                6 total
 » buildings
                
                | Altar of Kings | 1 |  | 
| Farm | 8 |  | 
| Barracks | 1 |  | 
| Scout Tower | 22 |  | 
| Lumber Mill | 1 |  | 
| Arcane Vault | 1 |  | 
| Guard Tower | 8 |  | 
| Keep | 1 |  | 
| Arcane Sanctum | 1 |  | 
| Gryphon Aviary | 1 |  | 
| Castle | 1 |  | 
| Arcane Tower | 4 |  | 
| Town Hall | 2 |  | 
                52 total
 » build order
                00:16 Altar of Kings
00:38 Farm
00:55 Barracks
01:19 Scout Tower
01:42 Lumber Mill
02:01 Scout Tower
02:06 Farm
02:38 Farm
02:43 Scout Tower
03:09 Arcane Vault
03:24 Guard Tower
03:25 Guard Tower
04:18 Guard Tower
04:19 Keep
04:49 Scout Tower
05:37 Guard Tower
05:39 Farm
06:49 Scout Tower
06:50 Scout Tower
07:04 Arcane Sanctum
07:07 Gryphon Aviary
07:20 Guard Tower
07:56 Guard Tower
07:59 Scout Tower
08:00 Scout Tower
08:12 Farm
08:20 Scout Tower
08:37 Castle
08:47 Arcane Tower
09:01 Guard Tower
09:12 Arcane Tower
09:56 Scout Tower
10:53 Arcane Tower
12:22 Scout Tower
12:23 Scout Tower
12:23 Scout Tower
12:24 Scout Tower
12:48 Scout Tower
12:49 Scout Tower
12:50 Scout Tower
12:57 Farm
12:57 Farm
12:58 Farm
13:54 Arcane Tower
14:34 Guard Tower
16:30 Town Hall
16:53 Town Hall
17:57 Scout Tower
17:58 Scout Tower
17:59 Scout Tower
17:59 Scout Tower
18:00 Scout Tower
» items
                
                | Scroll of Regeneration | 2 |  | 
| Mechanical Critter | 2 |  | 
                4 total
  
                Chat log
          (00:10 / All) hetchjay: YOU MISSPELLED JESUS
(00:21 / All) jesuis_napoleon: thats because it doesnt say jesus retard
(00:26 / All) hetchjay: PROVE IT
(00:41 / All) jesuis_napoleon: je suis means I am in french
(00:52 / All) hetchjay: that's a pretty short phrase for such a complicated weird idea
(01:03 / All) hetchjay: what does it mean to be in french exactly
(01:03 / All) jesuis_napoleon: I am napoleon....
(01:10 / All) hetchjay: ok Now you are just NUTS
(01:11 / All) hetchjay: LOL
(01:49 / All) jesuis_napoleon: so im nuts because I named an rts account after a warlord?
(02:14 / All) hetchjay: let's just say you're a few shillings short of a sixpence
(02:29 / All) jesuis_napoleon: okay then....
(04:34 / All) hetchjay: how's it going
(04:57 / All) jesuis_napoleon: pretty good actually
(04:59 / All) hetchjay: damn
(05:10 / All) jesuis_napoleon: yourself?
(05:16 / All) hetchjay: aolright but i lost a footman
(05:34 / All) hetchjay: i see that you clearly did not
(05:40 / All) jesuis_napoleon: woo
(09:45 / All) hetchjay: interesting strategy
(09:52 / All) hetchjay: we will clean our sheets with your blood
(09:54 / All) jesuis_napoleon: boxing you in?
(10:19 / All) jesuis_napoleon:  oh wand of illusions
(10:26 / All) hetchjay: you got it
(10:27 / All) jesuis_napoleon: for a sec i was like.. wtf HACK!
(10:39 / All) hetchjay: maybe it was a hack
(16:41 / All) jesuis_napoleon: and thats gg
(16:43 / All) hetchjay: gg
(16:48 / All) hetchjay: goodbye napoleon
(17:14 / All) jesuis_napoleon: i should have defended
(17:20 / All) hetchjay: napoleon's classic error
(17:26 / All) jesuis_napoleon: heh
(17:50 / All) hetchjay: i should have gotten defend
(17:51 / All) hetchjay: so we're even
(18:06 / All) jesuis_napoleon: dfend only protects against piercing
(18:11 / All) hetchjay: yeah but you were all rifles for a while
(18:12 / All) jesuis_napoleon: anyways later
(18:14 / All) hetchjay: LATER